 Dungeon Crawl Stone Soup version 0.28-a0-95-g65e1ffefe4 (webtiles) character file.

Game seed: 1409407457761973948

36073 pokeman the Eclecticist (level 13, -1/72 HPs)
             Began as a Deep Elf Hedge Wizard on Aug 8, 2021.
             Was a High Priest of Vehumet.
             Slain by a white ugly thing (29 damage)
             ... on level 14 of the Dungeon.
             The game lasted 00:53:19 (18878 turns).

pokeman the Eclecticist (Deep Elf Hedge Wizard)    Turns: 18878, Time: 00:53:20

Health: -1/72      AC: 10    Str: 13    XL:     13   Next: 51%
Magic:  32/46      EV: 12    Int: 31    God:    Vehumet [*****.]
Gold:   1004       SH:  5    Dex: 14    Spells: 9/48 levels left

rFire   . . .      SeeInvis .   d - +6 falchion of Gegoqeocs {freeze, rN+ Str+6}
rCold   . . .      Faith    .   G - +0 buckler
rNeg    + . .      Spirit   .   f - +0 leather armour
rPois   .          Reflect  .   c - +1 helmet
rElec   .          Harm     .   O - +1 cloak {Will+}
rCorr   .          Rampage  .   V - +0 pair of gloves
Will    ++...                   S - +0 pair of boots
Stlth   ++........              k - amulet of regeneration
HPRegen 1.22/turn               m - +6 ring of intelligence
MPRegen 0.30/turn               v - ring of magical power

@: no status effects
A: no striking features
a: Renounce Religion


You were on level 14 of the Dungeon.
You worshipped Vehumet.
Vehumet was extremely pleased with you.
You visited 2 branches of the dungeon, and saw 15 of its levels.
You also visited: Sewer and Ossuary.

You collected 1004 gold pieces.

Inventory:

Hand Weapons
 d - the +6 falchion of Gegoqeocs (weapon) {freeze, rN+ Str+6}
   (You found it on level 11 of the Dungeon)

   It freezes those it strikes, dealing additional cold damage.
   It can also slow down cold-blooded creatures.
   Str:       It affects your strength (+6).
   rN:        It protects you from negative energy.
 l - a +0 arbalest
 u - a +0 shortbow of freezing
 F - a +2 dagger of venom
Missiles
 b - 447 arrows
 r - 55 bolts
Armour
 c - a +1 helmet (worn)
 f - a +0 leather armour (worn)
 G - a +0 buckler (worn)
 O - a +1 cloak of willpower (worn)
 S - a +0 pair of boots (worn)
 V - a +0 pair of gloves (worn)
Magical Staves
 j - a staff of death
Jewellery
 k - an amulet of regeneration (around neck)
 m - a +6 ring of intelligence (left hand)
 v - a ring of magical power (right hand)
 L - a ring of willpower
 T - a ring of poison resistance
Wands
 e - a wand of mindburst (15)
 h - a wand of digging (3)
 o - a wand of flame (13)
 P - a wand of acid (18)
Scrolls
 a - 6 scrolls of teleportation
 i - 2 scrolls of magic mapping
 p - 3 scrolls of blinking
 s - 6 scrolls of fear
 A - 2 scrolls of enchant armour
 E - 3 scrolls of immolation {unknown}
 I - 4 scrolls of fog {unknown}
 J - 2 scrolls of amnesia {unknown}
 K - a scroll of holy word {unknown}
 M - 3 scrolls of torment {unknown}
 N - 5 scrolls of enchant weapon {unknown}
 W - a scroll of vulnerability {unknown}
Potions
 g - a potion of brilliance
 n - 5 potions of heal wounds
 q - 3 potions of haste
 t - 2 potions of berserk rage {unknown}
 z - 2 potions of cancellation {unknown}
 B - 6 potions of curing
 D - 4 potions of flight {unknown}
 Q - 2 potions of magic {unknown}
 R - a potion of resistance {unknown}


   Skills:
 - Level 5.0 Fighting
 + Level 5.5 Armour
 - Level 3.0 Dodging
 - Level 3.1 Stealth
 - Level 4.0 Shields
 * Level 18.2 Spellcasting
 + Level 11.4 Conjurations
 - Level 1.1 Summonings
 - Level 1.0 Necromancy
 - Level 1.1 Translocations
 - Level 1.2 Transmutations
 + Level 11.0 Fire Magic
 - Level 1.2 Ice Magic
 - Level 1.1 Air Magic
 - Level 1.2 Earth Magic
 - Level 1.0 Poison Magic
 - Level 1.1 Evocations


You had 9 spell levels left.
You knew the following spells:

 Your Spells              Type           Power      Damage    Failure   Level
a - Magic Dart            Conj           100%       1d8       0%          1
b - Mephitic Cloud        Conj/Pois/Air  54%        N/A       1%          3
c - Call Imp              Summ           35%        N/A       1%          2
d - Blink                 Tloc           N/A        N/A       1%          2
e - Conjure Flame         Conj/Fire      78%        6-21      1%          3
f - Foxfire               Conj/Fire      100%       2x1d9     0%          1
g - Starburst             Conj/Fire      39%        8x6d11    1%          6
h - Freezing Cloud        Conj/Ice/Air   27%        6-21      2%          5
i - Fire Storm            Conj/Fire      39%        8d10      98%         9
j - Bolt of Magma         Conj/Fire/Erth 33%        4d15      1%          5
k - Wereblood             Tmut           35%        N/A       1%          2

Your spell library contained the following spells:

 Spells                   Type           Power      Damage    Failure   Level
 Fireball                 Conj/Fire      39%        3d16      1%          5
 Animate Skeleton         Necr           68%        N/A       1%          1
 Apportation              Tloc           70%        N/A       1%          1
 Beastly Appendage        Tmut           70%        N/A       1%          1
 Corona                   Hex            31%        N/A       1%          1
 Summon Small Mammal      Summ           100%       N/A       1%          1
 Dazzling Flash           Conj/Hex       100%       N/A       1%          3
 Fulminant Prism          Conj/Hex       29%        3d14      1%          4
 Iskenderun's Mystic Bla  Conj/Tloc      61%        2d13      1%          4
 Sticky Flame             Conj/Fire      78%        2d9       1%          4
 Slow                     Hex            28%        N/A       2%          2
 Spider Form              Tmut/Pois      17%        N/A       3%          3
 Conjure Ball Lightning   Conj/Air       30%        3x3d10    5%          6
 Iron Shot                Conj/Erth      30%        9d6       5%          6
 Lee's Rapid Deconstruct  Erth           17%        3d12*     8%          5
 Animate Armour           Summ/Erth      70%        N/A       11%         4
 Summon Lightning Spire   Summ/Air       35%        N/A       11%         4
 Blade Hands              Tmut           17%        N/A       28%         5
 Silence                  Hex/Air        15%        N/A       36%         5
 Discord                  Hex            14%        N/A       100%        8
 Disjunction              Tloc           17%        N/A       100%        8


Dungeon Overview and Level Annotations

Branches:
Dungeon (14/15)            Temple (1/1) D:4            Lair (0/6) D:11
    Orc (0/2) D:11         Vaults (0/5) D:14          Sewer (visited)
Ossuary (visited)

Altars:
Ashenzari
Cheibriados
Dithmenos
Fedhas
Gozag
Hepliaklqana
Kikubaaqudgha
Makhleb
Okawaru
Qazlal
Ru
Sif Muna
Trog
Vehumet
Wu Jian
Xom
Zin
The Shining One

Shops:
D:5 *   D:14 (

Annotations:
D:11 1 runed translucent door
D:12 1 runed translucent door


Message History

The white ugly thing gurgles horribly! x2
The white ugly thing basks in the mutagenic energy from its kin and changes!
Casting: Bolt of Magma (dangerous; 1% risk of failure)
Confirm with . or Enter, or press ? or * to list all spells.
Casting: Starburst (dangerous; 1% risk of failure)
Press: ? - help, Dir - look around, f - activate The bolt of fire hits the white ugly thing!!
The white ugly thing is moderately wounded.
The bolt of fire misses the brown ugly thing.
A white ugly thing comes into view.
Unknown command.
The white ugly thing gurgles horribly!
You slash the white ugly thing!
The white ugly thing is heavily wounded.
The white ugly thing engulfs you! The white ugly thing freezes you!!
You block the white ugly thing's attack.
Casting: Starburst (dangerous; 1% risk of failure)
Confirm with . or Enter, or press ? or * to list all spells.
Casting: Starburst (dangerous; 1% risk of failure)
Press: ? - help, Dir - look around, f - activate The bolt of fire misses the white ugly thing.
The bolt of fire hits the brown ugly thing!!!
The brown ugly thing is severely wounded.
The bolt of fire hits the white ugly thing!!!
The white ugly thing is severely wounded.
The white ugly thing closely misses you.
Casting: Starburst (dangerous; 1% risk of failure)
Confirm with . or Enter, or press ? or * to list all spells.
Casting: Starburst (dangerous; 1% risk of failure)
Press: ? - help, Dir - look around, f - activate The bolt of fire hits the white ugly thing!!
The white ugly thing is almost dead.
The bolt of fire misses the brown ugly thing.
The bolt of fire hits the white ugly thing!!!
You kill the white ugly thing!
Vehumet accepts your kill.
You feel your power returning.
The brown ugly thing basks in the mutagenic energy from its kin and changes!
The white ugly thing engulfs you. The white ugly thing freezes you!!
You die...

#..##+.# ### #.###....... #..# .#
+#.#.#+ ##........... #..#
.###..#..###.......##### ###..#
....###...........#
.....#######................#####
.................................
.................................
.................................
..............uu@....[...........
..(...........?...#########......
..................#.......#......
...###########....#.......'......
†..# #....#.......#...... ...#
#....#.......#...... ...#
#....#########...... ...#
#................... ...#
#....########.......


You could see 2 ugly things.

Vanquished Creatures
  A vault guard (D:14)
  4 boulder beetles
  A hydra (D:14)
  2 two-headed ogres
  6 centaur warriors
  2 necromancers (D:14)
  A wizard (D:14)
  4 ugly things
  2 deep elf pyromancers
  A harpy (shapeshifter) (D:13)
  6 cyclopes
  A manticore (D:12)
  An ice statue (D:9)
  Maurice (D:8)
  6 ice devils (D:9)
  2 freezing wraiths
  A yaktaur (D:14)
  4 tengu conjurers (D:13)
  2 trolls
  A hornet (D:10)
  5 slime creatures (D:14)
  A shadow (D:10)
  A vampire (D:11)
  A wyvern (D:10)
  A wraith (D:11)
  19 humans (D:14)
  A basilisk (shapeshifter) (D:13)
  32 yaks
  Grum (D:10)
  10 vampire mosquitoes
  An acid dragon (D:8)
  A water moccasin (D:9)
  5 orc warriors
  A hornet zombie (D:6)
  2 black bears
  A sky beast (D:5)
  7 ogres
  4 wolves (D:10)
  A necrophage (D:4)
  9 centaurs
  Blork the orc (D:6)
  3 bullfrogs
  A kobold brigand (D:7)
  11 scorpions
  A killer bee (D:11)
  3 howler monkeys
  3 centaur zombies
  A human zombie (Ossuary)
  2 hounds
  2 orc priests (D:10)
  Crazy Yiuf (D:6)
  6 gnoll shamans (D:7)
  3 iguanas
  A jelly (D:7)
  Terence (D:3)
  Natasha (thrice) (D:3)
  3 orc wizards
  A killer bee zombie (D:9)
  2 mummies (Ossuary)
  A howler monkey zombie (D:7)
  23 gnolls
  A howler monkey skeleton (D:6)
  10 adders
  4 river rats (Sewer)
  A white imp (D:6)
  8 ufetubi
  An adder skeleton (D:4)
  3 worms (D:4)
  3 dart slugs
  12 orcs
  11 ball pythons
  6 endoplasms
  5 giant cockroaches
  6 goblins
  6 hobgoblins
  4 quokkas
  3 bats
  22 frilled lizards
  2 goblin zombies (Ossuary)
  A hobgoblin zombie (Ossuary)
  9 kobolds
  2 kobold zombies (Ossuary)
  An orc zombie (Ossuary)
  9 rats
  3 butterflies (D:11)
  A foxfire (D:9)
360 creatures vanquished.

Vanquished Creatures (collateral kills)
  A mummy (Ossuary)
  A foxfire (D:9)
2 creatures vanquished.

Vanquished Creatures (others)
  11 bushes (D:9)
  293 foxfires
  4 fungi (D:7)
  25 plants
333 creatures vanquished.

Grand Total: 695 creatures vanquished

Notes
Turn   | Place    | Note
-------+----------+-------------------------------------------
     0 | D:1      | pokeman the Deep Elf Hedge Wizard began the quest for the
                  | Orb.
     0 | D:1      | Reached XP level 1. HP: 10/10 MP: 7/7
   434 | D:1      | Reached XP level 2. HP: 16/16 MP: 2/9
   564 | D:1      | Found a faded altar of an unknown god.
  1128 | D:1      | Reached skill level 5 in Spellcasting
  1558 | D:2      | Reached XP level 3. HP: 20/20 MP: 5/11
  1562 | D:2      | Learned a level 3 spell: Mephitic Cloud
  1565 | D:2      | Learned a level 2 spell: Call Imp
  1568 | D:2      | Learned a level 2 spell: Blink
  1572 | D:2      | Learned a level 3 spell: Conjure Flame
  1942 | D:2      | Reached skill level 1 in Fighting
  1942 | D:2      | Reached skill level 1 in Armour
  2308 | D:2      | Reached XP level 4. HP: 25/25 MP: 8/13
  3013 | D:3      | Reached skill level 1 in Fire Magic
  3046 | D:3      | Found a glowing drain.
  3104 | Sewer    | Entered a sewer
  3191 | Sewer    | Reached skill level 6 in Spellcasting
  3198 | Sewer    | Reached XP level 5. HP: 11/29 MP: 2/15
  3745 | D:3      | Noticed Terence
  3750 | D:3      | Noticed Natasha
  3763 | D:3      | Killed Terence
  3768 | D:3      | Killed Natasha
  3769 | D:3      | Reached skill level 1 in Air Magic
  3990 | D:3      | Noticed Natasha
  3999 | D:3      | Killed Natasha
  4142 | D:3      | Noticed Natasha
  4152 | D:3      | Killed Natasha
  4153 | D:3      | Reached XP level 6. HP: 34/34 MP: 9/17
  4340 | D:4      | Found a staircase to the Ecumenical Temple.
  4346 | Temple   | Entered the Ecumenical Temple
  4461 | Temple   | Became a worshipper of Vehumet
  4965 | D:4      | Reached skill level 1 in Poison Magic
  5022 | D:4      | Reached skill level 7 in Spellcasting
  5321 | D:5      | Entered Level 5 of the Dungeon
  5467 | D:5      | Found a sand-covered staircase.
  5494 | Ossuary  | Entered an ossuary
  6074 | D:5      | Reached XP level 7. HP: 35/39 MP: 13/20
  6215 | D:5      | Found Edayfecw's General Store.
  6516 | D:5      | Reached * piety under Vehumet
  6516 | D:5      | Offered knowledge of Foxfire by Vehumet.
  6519 | D:5      | Learned a level 1 spell: Foxfire
  6542 | D:5      | Reached skill level 8 in Spellcasting
  7186 | D:6      | Reached XP level 8. HP: 12/44 MP: 20/22
  7216 | D:6      | Reached skill level 9 in Spellcasting
  7739 | D:6      | Noticed Blork the orc
  7739 | D:6      | Noticed a two-headed ogre
  7752 | D:6      | Killed a two-headed ogre
  7753 | D:6      | Reached skill level 10 in Spellcasting
  7753 | D:6      | Reached skill level 5 in Conjurations
  7773 | D:6      | Killed Blork the orc
  7774 | D:6      | Reached XP level 9. HP: 48/48 MP: 8/25
  7951 | D:6      | Found a runed translucent door.
  7952 | D:6      | Noticed Crazy Yiuf
  8318 | D:6      | Killed Crazy Yiuf
  8429 | D:7      | Noticed a cyclops
  8449 | D:7      | Killed a cyclops
  8450 | D:7      | Reached skill level 1 in Shields
  8450 | D:7      | Reached skill level 11 in Spellcasting
  8450 | D:7      | Reached skill level 5 in Fire Magic
  8613 | D:7      | Learned a level 6 spell: Starburst
  8795 | D:7      | Reached ** piety under Vehumet
  8795 | D:7      | Offered knowledge of Static Discharge by Vehumet.
  9221 | D:7      | Reached skill level 12 in Spellcasting
  9413 | D:7      | Offered knowledge of Ignite Poison by Vehumet.
 10023 | D:7      | Reached XP level 10. HP: 35/53 MP: 26/28
 10197 | D:8      | Noticed Maurice
 10408 | D:8      | Killed Maurice
 10950 | D:9      | Reached *** piety under Vehumet
 11021 | D:9      | Noticed an ice statue
 11025 | D:9      | Reached skill level 1 in Evocations
 11040 | D:9      | Reached skill level 13 in Spellcasting
 11335 | D:9      | Found a stormy altar of Qazlal.
 11640 | D:9      | Offered knowledge of Olgreb's Toxic Radiance by Vehumet.
 11696 | D:9      | Found a broken altar of Ashenzari.
 12144 | D:9      | Killed an ice statue
 12278 | D:10     | Entered Level 10 of the Dungeon
 12282 | D:10     | Noticed a centaur warrior
 12286 | D:10     | Killed a centaur warrior
 12287 | D:10     | Reached skill level 14 in Spellcasting
 12287 | D:10     | Reached XP level 11. HP: 25/59 MP: 15/31
 12390 | D:10     | Noticed a boulder beetle
 12405 | D:10     | Killed a boulder beetle
 12580 | D:10     | Found a blossoming altar of Fedhas.
 12906 | D:10     | Found an iron altar of Okawaru.
 13232 | D:10     | Noticed Grum
 13235 | D:10     | Reached **** piety under Vehumet
 13236 | D:10     | Reached skill level 15 in Spellcasting
 13247 | D:10     | Killed Grum
 14045 | D:11     | Offered knowledge of Airstrike by Vehumet.
 14107 | D:11     | Identified the +6 falchion of Gegoqeocs {freeze, rN+ Str+6}
 14115 | D:11     | Identified a scroll of acquirement
 14116 | D:11     | Acquired the Handbook of the Flying Arsonist
 14124 | D:11     | Learned a level 5 spell: Freezing Cloud
 14134 | D:11     | Learned a level 9 spell: Fire Storm
 14140 | D:11     | Learned a level 5 spell: Bolt of Magma
 14275 | D:11     | Found a runed translucent door.
 14282 | D:11     | Found a runed translucent door.
 14284 | D:11     | Noticed a two-headed ogre
 14333 | D:11     | Killed a two-headed ogre
 14403 | D:11     | Reached skill level 1 in Ice Magic
 14403 | D:11     | Reached skill level 1 in Earth Magic
 14409 | D:11     | Noticed a boulder beetle
 14576 | D:11     | Killed a boulder beetle
 14781 | D:11     | Found a staircase to the Lair.
 14786 | D:11     | Reached XP level 12. HP: 59/67 MP: 31/33
 14934 | D:11     | Found a staircase to the Orcish Mines.
 15388 | D:12     | You fall into a shaft and drop 2 floors!
 15406 | D:14     | Noticed an eight-headed hydra
 15414 | D:14     | Found Remuij's Weapon Shop.
 15496 | D:14     | Noticed a boulder beetle
 15509 | D:14     | Killed a boulder beetle
 15510 | D:14     | Reached skill level 16 in Spellcasting
 15612 | D:14     | Noticed a boulder beetle
 15621 | D:14     | Killed a boulder beetle
 15622 | D:14     | Reached skill level 10 in Conjurations
 15784 | D:13     | Reached skill level 5 in Fighting
 16293 | D:12     | Reached ***** piety under Vehumet
 16356 | D:12     | Learned a level 2 spell: Wereblood
 16559 | D:12     | Reached skill level 1 in Necromancy
 16612 | D:12     | Noticed a centaur warrior
 16615 | D:12     | Killed a centaur warrior
 16616 | D:12     | Reached skill level 1 in Transmutations
 16616 | D:12     | Reached skill level 10 in Fire Magic
 16706 | D:12     | Noticed a tengu reaver
 16707 | D:12     | Identified the +12 long sword "Beetleslayer" {vorpal,
                  | Int+2}
 16709 | D:12     | Found a runed translucent door.
 16711 | D:12     | Noticed a storm dragon
 16711 | D:12     | Noticed a war gargoyle
 16711 | D:12     | Noticed a fire dragon
 16783 | D:12     | Offered knowledge of Fireball by Vehumet.
 16939 | D:12     | Reached skill level 17 in Spellcasting
 17237 | D:13     | Noticed a centaur warrior
 17244 | D:13     | Killed a centaur warrior
 17451 | D:13     | Noticed a centaur warrior
 17460 | D:13     | Killed a centaur warrior
 17461 | D:13     | Reached XP level 13. HP: 72/72 MP: 16/36
 18156 | D:14     | Identified the +1 plate armour "Epsotohy" {Drain rN++
                  | Int+4}
 18168 | D:14     | Reached skill level 5 in Armour
 18389 | D:14     | Found a gate to the Vaults.
 18396 | D:14     | Reached skill level 18 in Spellcasting
 18878 | D:14     | Slain by a white ugly thing

Illustrated notes

Levels and vault maps discovered:
D:1:      amcnicky_arrival_flooded_fountain, layout_loops_ring,
          hellmonk_ecumenical_altar_pennies_from_heaven, minmay_lizard_pond
D:2:      layout_loops_ring, minmay_misc_feat_diagonals
D:3:      layout_rooms, cheibrodos_sewer_entry_drain, st_stairs_6,
          serial_bayou_pond_d, corner_web_ring, uniq_natasha, uniq_terence
D:4:      layout_basic, minmay_temple_entry_wispy, kennysheep_nub,
          serial_bayou_lagoon_b
D:5:      layout_layer_cave, lightli_ossuary_entry_decrepit_ruins, serial_shops,
          shop
D:6:      layout_loops_ring, hangedman_decor_points, uniq_blork_the_orc,
          uniq_crazy_yiuf_cottage
D:7:      kennysheep_seaside_town, layout_cave_pods, kennysheep_path_1,
          serial_park_tiny_pond
D:8:      layout_gridville, chequers_garden, grunt_decor_one_mirror,
          uniq_maurice
D:9:      cheibrodos_frozen_isle, layout_loops_ring,
          mainiacjoe_overflow_chevrons, mainiacjoe_overflow_tiny_flanked,
          nicolae_zen_rock_garden, grunt_ogre_cave
D:10:     layout_roguey, mainiacjoe_overflow_paths, fedhas_altar_4,
          nzn_sisyphean_effort, uniq_grum
D:11:     lemuel_insect_pit, layout_rooms, lair_entry_dummy, orc_0_dummy
D:12:     minmay_gate_of_8, layout_irregular_city
D:13:     layout_irregular_city
D:14:     layout_irregular_city, grunt_vaults_entry_tiered,
          nemelex_spade_bored_becter, serial_shops, nicolae_take_the_stairs
Temple:   dpeg_five_rooms_temple

Skill      XL: |  1  2  3  4  5  6  7  8  9 10 11 12 13 |
---------------+----------------------------------------+-----
Spellcasting   | 5 6 7 8 10 12 14 15 17 18 | 18.2
Conjurations   | 2 3 4 5 7 8 9 10 11 | 11.4
Fighting       | 1 2 4 5 |  5.0
Armour         | 1 3 4 5 |  5.5
Fire Magic     | 1 2 3 4 6 7 9 10 11 | 11.0
Dodging        | 3 |  3.0
Air Magic      | 1 |  1.1
Stealth        | 3 |  3.1
Poison Magic   | 1 |  1.0
Shields        | 2 4 |  4.0
Evocations     | 1 |  1.1
Ice Magic      | 1 |  1.2
Earth Magic    | 1 |  1.2
Necromancy     | 1 |  1.0
Transmutations | 1 |  1.2
Summonings     | |  1.1
Translocations | |  1.1

Action                   |  1- 3 |  4- 6 |  7- 9 | 10-12 | 13-15 || total
-------------------------+-------+-------+-------+-------+-------++-------
Melee: Dagger            |     1 |    67 |    71 |    54 |       ||   193
       Falchion          |       |       |       |    10 |     6 ||    16
 Fire: Shortbow          |       |     9 |       |       |       ||     9
 Cast: Magic Dart        |   104 |   166 |    24 |     2 |       ||   296
       Mephitic Cloud    |       |     3 |    27 |    19 |     2 ||    51
       Conjure Flame     |       |     7 |    17 |    14 |       ||    38
       Call Imp          |       |     6 |     3 |     1 |       ||    10
       Foxfire           |       |       |   115 |    46 |       ||   161
       Blink             |       |       |     3 |     7 |       ||    10
       Starburst         |       |       |       |    76 |    23 ||    99
       Bolt of Magma     |       |       |       |    42 |    19 ||    61
       Freezing Cloud    |       |       |       |     6 |     3 ||     9
Evoke: Wand              |       |       |       |     3 |       ||     3
  Use: Scroll            |       |       |       |    11 |     3 ||    14
 Stab: Confused          |       |     1 |     9 |       |       ||    10
       Sleeping          |       |     1 |       |       |       ||     1
Armor: Leather armour    |     5 |    22 |    15 |    46 |     6 ||    94
Dodge: Dodged            |     9 |    64 |    39 |    49 |    12 ||   173
Block: Buckler           |       |       |       |    15 |     8 ||    23
       Rpst.: Falchion   |       |       |       |    10 |     2 ||    12

Table legend: (Time is in decaauts)
 A = Elapsed time spent in this place.
 B = Non-inter-level travel time spent in this place.
 C = Inter-level travel time spent in this place.
 D = Time resting spent in this place.
 E = Time spent auto-exploring this place.
 F = Levels seen in this place.
 G = Mean time per level.
                   A        B        C        D        E       F      G
               +--------+--------+--------+--------+--------+-----+--------+
         Total |  18966 |  17989 |    977 |   1452 |  13673 |  17 | 1115.6 |
       Dungeon |  17745 |  16844 |    901 |   1296 |  12988 |  14 | 1267.5 |
        Temple |    212 |    137 |     75 |      0 |    111 |   1 |  212.0 |
         Sewer |    635 |    635 |      0 |    104 |    392 |   1 |  635.0 |
       Ossuary |    373 |    373 |      0 |     52 |    181 |   1 |  373.0 |
               +--------+--------+--------+--------+--------+-----+--------+

Top non-repeatable levels by time:
     D:7: 1772 daAuts
     D:1: 1550 daAuts
    D:10: 1456 daAuts
     D:9: 1446 daAuts
     D:6: 1444 daAuts
     D:2: 1349 daAuts
    D:14: 1279 daAuts
     D:5: 1236 daAuts
    D:11: 1233 daAuts
    D:13: 1195 daAuts
    D:12: 1188 daAuts
     D:4: 1113 daAuts
     D:3: 757 daAuts
     D:8: 719 daAuts
   Sewer: 635 daAuts
